AoeStats
← 文森

Arena

508220259Analyzed
4v4 RM · 10d ago on Sep 21, 2026· 70m 38s· 8 players
Game mode
Random Map
Map size
Large (8 player)
Population
200
Speed
Normal
Resources
Standard
Victory
Conquest
Starting age
Dark Age
Ending age
Imperial Age
RankedLock teamsTeams togetherTeam positionsShared explorationLock speedFull tech treeHidden civsTurbo modeCheats
Victory
Defeat
🇹🇼 Armenians · Taiwan
977
+11
🇹🇼 Cumans · Taiwan
868
+16
🇪🇸 Khmer · Spain
782
+19
🇹🇼 Romans · Taiwan
761
+21
🇨🇳 Goths · China
887
-18
🇿🇦 Khmer · South Africa
859
-17
🇩🇪 Bohemians · Germany
851
-16
🇮🇹 Turks · Italy
850
-16
Nino
13:00 Feudal Age
18:35 Castle Age
21:53 Murder Holes
22:22 Pikeman
24:52 Double-Bit Axe
Afran
0:28 Loom
15:06 Feudal Age
16:41 Double-Bit Axe
16:40 Horse Collar
21:18 Castle Age
19:12 Man-at-Arms
22:43 Long Swordsman
23:28 Heavy Plow
23:42 Bow Saw
34:19 Imperial Age
34:16 Heated Shot
38:37 Artillery
41:22 Ballistics
43:11 Padded Archer Armor
43:02 Fletching
49:40 Leather Archer Armor
49:21 Bodkin Arrow
49:09 Two-Handed Swordsman
52:20 Forging
53:57 Elite Janissary
56:06 Stone Mining
56:08 Gold Mining
63:36 Sipahi
HHH2323
1:53 Loom
11:27 Feudal Age
15:26 Castle Age
14:40 Horse Collar
14:49 Double-Bit Axe
30:20 Imperial Age
30:17 Wheelbarrow
32:26 Cavalier
33:17 Bloodlines
34:19 Elite Ballista Elephant
35:30 Light Cavalry
36:10 Husbandry
36:46 Bow Saw
43:49 Sanctity
45:14 Double Crossbow
48:30 Pikeman
48:56 Arson
48:45 Hussar
50:30 Halberdier
53:09 Chemistry
52:29 Ballistics
52:05 Murder Holes
52:21 Fortified Wall
52:14 Padded Archer Armor
52:05 Fletching
55:45 Hand Cart
59:54 Man-at-Arms
61:09 Long Swordsman
62:10 Elite Battle Elephant
64:28 Two-Handed Swordsman
68:14 Onager
粮草征收人
2:01 Loom
12:29 Feudal Age
12:55 Double-Bit Axe
12:53 Horse Collar
17:47 Castle Age
16:34 Gold Mining
20:33 Pikeman
#iNFANTES6#
wlidkid841220
0:47 Loom
12:07 Feudal Age
12:52 Double-Bit Axe
18:28 Castle Age
18:08 Horse Collar
18:55 Man-at-Arms
19:58 Bow Saw
19:54 Heavy Plow
28:19 Long Swordsman
29:50 Wheelbarrow
29:38 Fortified Wall
31:54 Stone Mining
31:57 Gold Mining
32:15 Squires
34:53 Hand Cart
35:40 Forging
35:31 Scale Mail Armor
39:10 Imperial Age
37:40 Gold Shaft Mining
37:22 Caravan
41:27 Ballistics
42:08 Chemistry
44:02 Legionary
45:20 Iron Casting
45:01 Chain Mail Armor
44:51 Scale Barding Armor
46:38 Conscription
46:33 Masonry
48:43 Architecture
50:17 Blast Furnace
49:40 Chain Barding Armor
64:03 Crop Rotation
68:19 Comitatenses
69:43 Plate Barding Armor
69:04 Elite Centurion
70:35 Husbandry
70:45 Bloodlines
皇上駕到
8:42 Loom
11:31 Feudal Age
13:19 Double-Bit Axe
13:24 Gold Mining
24:33 Horse Collar
27:24 Bloodlines
27:28 Forging
27:23 Scale Barding Armor
29:50 Castle Age
30:51 Wheelbarrow
29:56 Capped Ram
32:13 Light Cavalry
34:12 Heavy Plow
36:35 Chain Barding Armor
36:51 Iron Casting
36:32 Bow Saw
37:05 Hand Cart
41:26 Imperial Age
41:38 Ballistics
41:31 Masonry
42:31 Elite Steppe Lancer
42:35 Onager
45:00 Blast Furnace
44:36 Plate Barding Armor
46:39 Siege Onager
49:32 Chemistry
54:32 Siege Ram
64:39 Two-Man Saw
文森
12:02 Feudal Age
12:09 Man-at-Arms
12:54 Long Swordsman
13:21 Arson
18:22 Wheelbarrow
19:43 Loom
24:09 Double-Bit Axe
25:24 Forging
29:17 Castle Age
30:35 Hand Cart
30:32 Horse Collar
31:03 Bow Saw
30:47 Gold Mining
30:24 Two-Handed Swordsman
31:15 Squires
31:11 Stone Mining
32:16 Heavy Plow
32:32 Gambesons
32:17 Champion
35:04 Iron Casting
34:34 Scale Barding Armor
36:00 Scale Mail Armor
37:29 Gold Shaft Mining
37:46 Chain Mail Armor
43:12 Imperial Age
42:04 Fervor
42:03 Scale Barding Armor
41:50 Fletching
42:00 Padded Archer Armor
43:44 Ballistics
43:27 Bodkin Arrow
43:48 Leather Archer Armor
45:56 Chemistry
44:21 Elite Skirmisher
45:30 Bracer
46:00 Ring Archer Armor
45:51 Elite Composite Bowman
48:46 Conscription
50:43 Town Watch
51:27 Fereters
54:43 Town Patrol
55:51 Blast Furnace
55:21 Plate Mail Armor
56:52 Capped Ram
57:58 Siege Ram
59:50 Block Printing
63:03 Onager
63:06 Heavy Scorpion
65:06 Heated Shot
65:27 Masonry
65:13 Murder Holes
68:22 Fortified Wall
68:03 Guard Tower
68:18 Siphons
Connection lost

Rejoining the realm…

Still unreachable

The connection could not be restored.

Session expired

The server has moved on; the page needs a fresh start.